 Dungeon Crawl Stone Soup version 0.31-a0-187-gba352fbbf7 (webtiles) character file.

Game seed: 12959699445877650813

200 qw the Skirmisher (level 5, -1/30 HPs)
             Began as a Deep Elf Hunter on June 22, 2023.
             Slain by an ice beast (6 damage)
             ... on level 3 of the Dungeon.
             The game lasted 00:00:45 (2437 turns).

qw the Skirmisher (Deep Elf Hunter)                 Turns: 2437, Time: 00:00:46

Health: -1/30      AC:  6    Str: 10    XL:     5   Next: 48%
Magic:  7/7        EV: 11    Int: 14    God:
Gold:   120        SH:  0    Dex: 18    Spells: 4/4 levels left

rFire   . . .        Y - +1 shortbow
rCold   . . .        (shield currently unavailable)
rNeg    . . .        b - +0 ring mail
rPois   .            (no helmet)
rElec   .            (no cloak)
rCorr   .            c - +0 pair of gloves
SInv    .            (no boots)
Will    .....        (no amulet)
Stlth   +            f - +4 ring of slaying {mikee}
HPRegen 0.25/turn    (no ring)
MPRegen 0.10/turn

%: no passive effects
@: no status effects
A: no striking features
a: no special abilities


You were on level 3 of the Dungeon.
You visited 1 branch of the dungeon, and saw 4 of its levels.

You collected 219 gold pieces.
You spent 99 gold pieces at shops.


   Skills:
 + Level 1.7 Fighting
 - Level 9.0 Ranged Weapons
 - Level 2.4 Dodging
 - Level 1.2 Stealth


You had 4 spell levels left.
You didn't know any spells.
Your spell library was empty.

Inventory:

Hand Weapons
 Y - a +1 shortbow (weapon)
Armour
 b - a +0 ring mail (worn)
 c - a +0 pair of gloves (worn)
Jewellery
 f - a +4 ring of slaying (left hand) {mikee}
 i - a ring of fire
Scrolls
 a - 2 scrolls of teleportation
Potions
 d - a potion of enlightenment {unknown}
 e - a potion of brilliance {unknown}
 g - a potion of curing {unknown}
 h - a potion of lignification {unknown}
 l - a potion of heal wounds {unknown}

Dungeon Overview and Level Annotations

Branches:
Dungeon (4/15)
 Temple: D:4-7

Altars:

Shops:
D:3 [


Message History

Enter note:
Enter note:
Enter note:
Enter note: Done exploring.
2415 ||| READING scroll labelled FIYDAABROR.
As you read the scroll labelled FIYDAABROR, it dissolves into smoke.
It was a scroll of fog.
Done exploring.
2416 ||| READING scroll labelled FOCHAUTUBEI.
As you read the scroll labelled FOCHAUTUBEI, it crumbles to dust.
You hear a loud clanging noise!
It was a scroll of noise.
Done exploring.
(D) Dungeon
Where to? (* - list waypoints, Enter - D:3, ? - help)
What level of the Dungeon? (default 1, ? - help)
You see here a quokka corpse.
There is an open door here.
There is a stone staircase leading down here.
You climb downwards.
There is a stone staircase leading up here.
An ice beast is nearby!
Waypoint 3 assigned to D:4.
You shoot an arrow. The arrow barely misses the ice beast.
You shoot an arrow. The arrow hits the ice beast.
The ice beast is moderately wounded.
The ice beast closely misses you.
You shoot an arrow. The arrow hits the ice beast.
The ice beast is moderately wounded.
The ice beast hits you. The ice beast freezes you!
2435 ||| STAIRDANCE The ice beast hits you.
The ice beast freezes you!
You climb upwards.
There is a stone staircase leading down here.
You shoot an arrow.
The arrow hits the ice beast but does no damage.
The ice beast is moderately wounded.
The ice beast hits you. The ice beast freezes you.
You die...

#.# ######### ###.# #.......#
....# #.......# ##### #...¤...# #
####### #...¤¤¤.## # ####.....#
#.¤.¤¤¤¤¤# ####....###.#
#...¤¤¤¤¤# ...(........#
########...¤¤¤¤¤#
###.\...########@....##...¤¤¤¤¤#
......#.#......'.Y...'%....¤¤¤¤##
#####.#.#.######.....##.....¤....
..#.#.#.#.# ########..........
#.#.#.#.#.# #..........
#...#.#.#.######### #..........
#####.#.#.........# #..........
#.....#.#.#######.# #..........
#.#####.### #.# #..........


You could see an ice beast.

Vanquished Creatures
  A scorpion (D:2)
  Ijyb (D:3)
  Terence (D:2)
  2 adders (D:3)
  2 worms
  3 dart slugs
  5 orcs (D:3)
  4 bats
  5 endoplasms
  A giant cockroach (D:2)
  4 goblins
  11 hobgoblins
  5 quokkas
  3 ball pythons
  A frilled lizard (D:1)
  4 kobolds
  3 rats (D:1)
56 creatures vanquished.

Notes
Turn   | Place    | Note
-------+----------+-------------------------------------------
     0 | D:1      | qw the Deep Elf Hunter began the quest for the Orb.
     0 | D:1      | Reached XP level 1. HP: 12/12 MP: 3/3
     0 | D:1      | 0 ||| qw: Version: 0.3-a-9-g12657ce
     0 | D:1      | 0 ||| qw: Game counter: 2432
     0 | D:1      | 0 ||| qw: Always use a shield: true
     0 | D:1      | 0 ||| qw: God list: Okawaru
     0 | D:1      | 0 ||| qw: Allow faded altars: false
     0 | D:1      | 0 ||| qw: Do Orc after D:15 true
     0 | D:1      | 0 ||| qw: Do second Lair branch before Depths: true
     0 | D:1      | 0 ||| qw: Lair rune preference: random
     0 | D:1      | 0 ||| qw: Plans: Normal
     0 | D:1      | 0 ||| PLANNING D:1-11
   311 | D:1      | Found a faded altar of an unknown god.
   343 | D:1      | Reached skill level 6 in Ranged Weapons
   343 | D:1      | Reached XP level 2. HP: 16/16 MP: 4/4
   875 | D:1      | 875 ||| UPGRADING to +4 ring of slaying {mikee}.
   876 | D:1      | 876 ||| DROPPING scroll of butterflies.
   915 | D:2      | 915 ||| STAIRDANCE
   961 | D:2      | Noticed Terence
   966 | D:2      | Killed Terence
   967 | D:2      | Reached skill level 7 in Ranged Weapons
   967 | D:2      | Reached XP level 3. HP: 20/20 MP: 5/5
  1098 | D:2      | Noticed a scorpion
  1106 | D:2      | Killed a scorpion
  1107 | D:2      | Reached skill level 8 in Ranged Weapons
  1107 | D:2      | Reached XP level 4. HP: 12/25 MP: 6/6
  1281 | D:2      | 1281 ||| Stepping ~*~*~tactically~*~*~ (outnumbered).
  1645 | D:2      | 1645 ||| UPGRADING to +0 ring mail.
  1655 | D:2      | 1655 ||| DROPPING +0 leather armour.
  1656 | D:2      | 1656 ||| READING 3 scrolls labelled BUFIET SANIL.
  1659 | D:2      | 1659 ||| READING scroll labelled XYLUENK HUNLE.
  1660 | D:2      | 1660 ||| READING scroll labelled EGO TICIYL.
  1687 | D:3      | Found Forocog's Antique Armour Shoppe.
  1708 | D:3      | 1708 ||| BUYING pair of gloves (99 gold).
  1708 | D:3      | Bought a pair of gloves for 99 gold pieces
  1744 | D:3      | Reached XP level 5. HP: 29/29 MP: 7/7
  1918 | D:3      | Noticed Ijyb
  1920 | D:3      | 1920 ||| FLEEEEING.
  1921 | D:3      | 1921 ||| FLEEEEING.
  1922 | D:3      | 1922 ||| FLEEEEING.
  1923 | D:3      | 1923 ||| FLEEEEING.
  1924 | D:3      | 1924 ||| FLEEEEING.
  1925 | D:3      | 1925 ||| FLEEEEING.
  1926 | D:3      | 1926 ||| FLEEEEING.
  1927 | D:3      | 1927 ||| FLEEEEING.
  1928 | D:3      | 1928 ||| FLEEEEING.
  1929 | D:3      | 1929 ||| FLEEEEING.
  1930 | D:3      | 1930 ||| FLEEEEING.
  1931 | D:3      | 1931 ||| FLEEEEING.
  1932 | D:3      | 1932 ||| FLEEEEING.
  1933 | D:3      | 1933 ||| FLEEEEING.
  1940 | D:3      | 1940 ||| STAIRDANCE
  1967 | D:2      | 1967 ||| UPGRADING to +0 pair of gloves.
  1972 | D:2      | 1972 ||| READING scroll labelled UNUNO GULOEF.
  1997 | D:3      | Killed Ijyb
  2127 | D:3      | Reached skill level 9 in Ranged Weapons
  2394 | D:3      | 2394 ||| Stepping ~*~*~tactically~*~*~ (outnumbered).
  2415 | D:3      | 2415 ||| READING scroll labelled FIYDAABROR.
  2416 | D:3      | 2416 ||| READING scroll labelled FOCHAUTUBEI.
  2431 | D:4      | Noticed an ice beast
  2435 | D:4      | 2435 ||| STAIRDANCE
  2435 | D:4      | HP: 7/30 [ice beast (11)]
  2437 | D:3      | Slain by an ice beast

Levels and vault maps discovered:
D:1:      ebering_trefoil_twist, layout_basic, hellmonk_ecumenical_altar_zigzags
D:2:      layout_loops_ring, minmay_misc_feat_four_crosses, grunt_ministairs_7,
          uniq_terence
D:3:      layout_basic, serial_shops, shop_coins, uniq_ijyb
D:4:      layout_basic, okawaru_metal_pillars_1_2,
          eat_drink_and_be_merry_uskayaw, st_stairs_10, uniq_robin

Skill      XL: |  1  2  3  4  5 |
---------------+----------------+-----
Ranged Weapons | 6 7 8 9 |  9.0
Fighting       | |  1.7
Dodging        | |  2.4
Stealth        | |  1.2

Action                     |  1- 3 |  4- 6 || total
---------------------------+-------+-------++-------
   Fire: Shortbow          |    64 |    77 ||   141
    Use: Scroll            |       |     6 ||     6
 Armour: Leather armour    |     5 |     1 ||     6
         Ring mail         |       |     2 ||     2
  Dodge: Dodged            |    13 |    10 ||    23

Table legend:
 A = Non-vault XP
 B = Vault XP
 C = Vault XP percentage of total XP
 D = Non-vault monster count
 E = Vault monster count
 F = Vault count percentage of total count
                 A         B        C        D         E       F
            +---------+---------+-------+---------+---------+-------
      Total |     214 |      72 |  25.2 |      52 |       4 |   7.1
            +---------+---------+-------+---------+---------+-------
        D:1 |      29 |       5 |  14.7 |      17 |       1 |   5.6
        D:2 |     120 |      34 |  22.1 |      17 |       2 |  10.5
        D:3 |      65 |      33 |  33.7 |      18 |       1 |   5.3
            +---------+---------+-------+---------+---------+-------
